[Event "January 2 Early 2024"]
[Site "https://www.chess.com"]
[Date "2024.01.02"]
[Round "4"]
[White "Klimkowski, Jan"]
[Black "Oganian, Miran"]
[Result "1-0"]
[Board "29"]
[TimeControl "180+1"]
[WhiteFideId "21856222"]
[BlackFideId "4122488"]
[WhiteElo "2911"]
[BlackElo "2747"]
[WhiteTeam "POL"]
[BlackTeam "RUS"]
[WhiteClock "0:00:04"]
[BlackClock "0:00:00"]

1. Nf3 d5 2. d4 e6 3. c4 a6 4. Nc3 dxc4 5. a4 Nc6 6. e4 Na5 7. Be3 Nf6 8. Qc2 Be7 9. Be2 b6 10. O-O Bb7 11. Ne5 O-O 12. Nxc4 Nxc4 13. Bxc4 Ng4 14. Rad1 Bd6 15. e5 Nxe3 16. fxe3 Bb4 17. Rf4 c5 18. d5 Qg5 19. dxe6 fxe6 20. Bxe6+ Kh8 21. Qf2 c4 22. Bd5 Bc5 23. Kh1 Bxd5 24. Nxd5 Qxe5 25. Qf3 Qxb2 26. Rf1 Rg8 27. Rxc4 Raf8 28. Nf4 Rf6 29. Qd1 Qa3 30. Re4 Qc3 31. Nd5 Qb3 32. Nxf6 Qxd1 33. Rxd1 gxf6 34. g3 Kg7 35. Re6 Rd8 36. Rxd8 Kf7 37. Rc6 1-0

[Event "January 2 Early 2024"]
[Site "https://www.chess.com"]
[Date "2024.01.02"]
[Round "4"]
[White "Klymchuk, Andriy"]
[Black "Manolache, Marius"]
[Result "1-0"]
[Board "30"]
[TimeControl "180+1"]
[WhiteFideId "14140063"]
[BlackFideId "1201530"]
[WhiteElo "2890"]
[BlackElo "2698"]
[WhiteTeam "UKR"]
[BlackTeam "ROU"]
[WhiteClock "0:00:25"]
[BlackClock "0:00:00"]

1. e4 c5 2. Nf3 e6 3. g3 d5 4. exd5 exd5 5. Bg2 Nf6 6. O-O Be7 7. d4 c4 8. Ne5 O-O 9. Nc3 h6 10. Re1 Na6 11. h3 Nc7 12. g4 b5 13. a3 Bb7 14. Ne2 Ne4 15. Ng3 Nxg3 16. fxg3 Bg5 17. c3 Bxc1 18. Qxc1 Qg5 19. Qxg5 hxg5 20. h4 gxh4 21. gxh4 Rfe8 22. Kf2 a5 23. g5 Bc8 24. Nc6 Be6 25. h5 Ra6 26. Ne5 Bf5 27. Kg3 Rae6 28. Nf3 Be4 29. Bh3 R6e7 30. Ne5 Ne6 31. g6 Ng5 32. gxf7+ Nxf7 33. Ng6 Rc7 34. Rf1 Ng5 35. Rae1 Nxh3 36. Kxh3 Rc6 37. Ne5 Rh6 38. Kg4 Rf6 39. Rg1 b4 40. axb4 axb4 41. Re3 bxc3 42. bxc3 Ref8 43. Kh4 Rf4+ 44. Rg4 Kh7 45. Rxf4 Rxf4+ 46. Kg5 Rf1 47. Kg4 Rg1+ 48. Rg3 Rc1 49. Nf7 g6 50. hxg6+ Kxg6 51. Nd6 Bd3 52. Kf4+ Kf6 53. Rh3 Rxc3 54. Rh6+ Ke7 55. Ke5 Bf1 56. Kxd5 Rf3 57. Rh7+ Kf8 58. Nxc4 Rf5+ 59. Ne5 Rf6 60. Ra7 Bg2+ 61. Kc5 Re6 62. Nd7+ Ke8 63. d5 Bxd5 64. Kxd5 Re1 65. Nf6+ Kf8 66. Ng4 Re2 67. Ne5 Rb2 68. Kd6 Kg8 69. Nc4 Re2 70. Kd5 Re1 71. Ne5 Rb1 72. Ke6 Rb6+ 73. Kf5 Rd6 74. Ng4 1-0

[Event "January 2 Early 2024"]
[Site "https://www.chess.com"]
[Date "2024.01.02"]
[Round "4"]
[White "Yeletsky, Ivan"]
[Black "Han, Yichen"]
[Result "1/2-1/2"]
[Board "31"]
[TimeControl "180+1"]
[WhiteFideId "24180327"]
[BlackFideId "1054430"]
[WhiteElo "2867"]
[BlackElo "2685"]
[WhiteTeam "RUS"]
[BlackTeam "NED"]
[WhiteClock "0:00:04"]
[BlackClock "0:00:06"]

1. d4 d5 2. c4 c6 3. Nf3 Nf6 4. g3 e6 5. Nbd2 Nbd7 6. Bg2 Bd6 7. O-O O-O 8. Qc2 b6 9. e4 dxe4 10. Nxe4 Nxe4 11. Qxe4 Bb7 12. Rd1 Qc7 13. Qd3 h6 14. c5 Be7 15. Bf4 Qc8 16. b4 Rd8 17. Qb3 Nf6 18. Rac1 Nd5 19. Bd2 Bf6 20. a4 b5 21. Re1 a6 22. h4 Qd7 23. Ne5 Bxe5 24. dxe5 Ne7 25. Rcd1 Qd3 26. Bc3 Qc4 27. Qxc4 bxc4 28. Rd6 Nd5 29. Rc1 Kf8 30. Bf1 Ke7 31. a5 Rab8 32. Bxc4 Rd7 33. h5 Rdd8 34. Bd2 Rd7 35. f3 Nc7 36. Kf2 Nb5 37. Rxd7+ Kxd7 38. Be3 Nc7 39. Rd1+ Nd5 40. Bd2 Ke7 41. g4 Bc8 42. f4 Bb7 43. Kg3 Rd8 44. Be1 Nc7 45. Rd6 Nb5 46. Rxd8 Kxd8 47. f5 Nd4 48. Kf4 Ke7 49. Bf2 Nc2 50. Bh4+ Kd7 51. f6 g6 52. hxg6 fxg6 53. Ke4 g5 54. Bf2 Nxb4 55. Be3 Nd5 56. Bd2 Ke8 57. Kd4 Kf7 58. Bd3 Bc8 59. Be2 Bb7 60. Bf1 Bc8 61. Bc1 Bb7 62. Bd3 Bc8 63. Bd2 Bb7 64. Be4 Bc8 65. Bd3 Bb7 66. Be3 Bc8 67. Bd2 1/2-1/2

[Event "January 2 Early 2024"]
[Site "https://www.chess.com"]
[Date "2024.01.02"]
[Round "4"]
[White "Bartel, Michal"]
[Black "Maksimovic, Bojan"]
[Result "0-1"]
[Board "32"]
[TimeControl "180+1"]
[WhiteFideId "1119257"]
[BlackFideId "14408120"]
[WhiteElo "2658"]
[BlackElo "2863"]
[WhiteTeam "POL"]
[BlackTeam "BIH"]
[WhiteClock "0:00:28"]
[BlackClock "0:00:45"]

1. e4 a6 2. g3 d5 3. exd5 Qxd5 4. Qf3 Nf6 5. Nc3 Qxf3 6. Nxf3 Nc6 7. Bg2 Bf5 8. d3 O-O-O 9. Bd2 e5 10. O-O-O Bc5 11. Rhf1 Rhe8 12. Nh4 Bg4 13. Rde1 h6 14. h3 Bd7 15. Ne4 Nxe4 16. dxe4 Nd4 17. c3 Ne6 18. Be3 Bb5 19. Rg1 Rd7 20. Bf1 Red8 21. Bxb5 axb5 22. Nf3 f6 23. b4 Bxe3+ 24. Rxe3 c5 25. a3 Kc7 26. Kc2 Kc6 27. Ra1 b6 28. h4 h5 29. a4 cxb4 30. cxb4 bxa4 31. Rxa4 Kb5 32. Raa3 Nd4+ 33. Nxd4+ Rxd4 34. Ra7 R8d7 35. Rxd7 Rxd7 36. Kc3 Rd4 37. f4 Rc4+ 38. Kd3 Rxb4 39. Ke2 Kc4 40. Kf3 Rb3 41. Rxb3 Kxb3 42. g4 Kc4 43. gxh5 b5 44. fxe5 fxe5 45. Kg4 b4 46. Kg5 b3 47. Kg6 b2 48. Kxg7 b1=Q 49. h6 Qxe4 50. h7 Qg4+ 51. Kh8 Qxh4 52. Kg7 Qxh7+ 53. Kxh7 e4 0-1

[Event "January 2 Early 2024"]
[Site "https://www.chess.com"]
[Date "2024.01.02"]
[Round "4"]
[White "Jia, Haoxiang"]
[Black "Mekhitarian, Krikor Sevag"]
[Result "1-0"]
[Board "33"]
[TimeControl "180+1"]
[WhiteFideId "8602999"]
[BlackFideId "2107660"]
[WhiteElo "2638"]
[BlackElo "2862"]
[WhiteTeam "CHN"]
[BlackTeam "BRA"]
[WhiteClock "0:00:57"]
[BlackClock "0:00:02"]

1. d4 Nf6 2. Bf4 c5 3. d5 d6 4. Nc3 e5 5. Bg5 h6 6. Bxf6 Qxf6 7. e4 a6 8. a4 g6 9. Nge2 h5 10. h4 Bh6 11. Ng3 Qe7 12. Bd3 Nd7 13. Qe2 Nf6 14. Nf1 O-O 15. Ne3 Bd7 16. Nc4 b5 17. Nb6 c4 18. Nxa8 cxd3 19. Qxd3 b4 20. Nb6 bxc3 21. bxc3 a5 22. O-O Bg4 23. Rfb1 Qc7 24. f3 Bc8 25. Nxc8 Rxc8 26. Rb5 Nd7 27. Rab1 Nc5 28. Qc4 Kg7 29. g3 Qa7 30. Kg2 Rc7 31. Rb6 Qa8 32. Rxd6 Qc8 33. Rbb6 Be3 34. Rbc6 Na6 35. Qxa6 Qxa6 36. Rxa6 Rxc3 37. Rdc6 Ra3 38. d6 1-0

[Event "January 2 Early 2024"]
[Site "https://www.chess.com"]
[Date "2024.01.02"]
[Round "4"]
[White "knightmareprodigy"]
[Black "Rustemov, Alexander"]
[Result "0-1"]
[Board "34"]
[TimeControl "180+1"]
[BlackFideId "4119002"]
[WhiteElo "2313"]
[BlackElo "2852"]
[BlackTeam "RUS"]
[WhiteClock "0:00:00"]
[BlackClock "0:00:36"]

1. Nf3 d5 2. e3 c6 3. c4 Nf6 4. Qc2 e6 5. b3 Bd6 6. Bb2 O-O 7. Rg1 Qe7 8. g4 e5 9. g5 Ne4 10. h4 Na6 11. a3 Bf5 12. d3 Nec5 13. Nbd2 Rfe8 14. h5 Rad8 15. e4 dxe4 16. dxe4 Bc8 17. g6 fxg6 18. hxg6 h6 19. b4 Ne6 20. c5 Bc7 21. Nxe5 Nd4 22. Bxd4 Rxd4 23. Bc4+ Kf8 24. Nef3 Rdd8 25. O-O-O Bf4 26. Kb1 b6 27. cxb6 axb6 28. e5 b5 29. Bb3 c5 30. Ne4 c4 31. Nd6 cxb3 32. Qe4 Bxe5 33. Nxe5 Qxe5 34. Qf3+ Qf6 35. Qxf6+ gxf6 36. g7+ Kg8 37. Nxe8 Rxe8 38. Kb2 Be6 39. Rde1 Nc7 40. Rg6 Kf7 41. g8=Q+ Rxg8 42. Rxg8 Kxg8 43. Rc1 Ne8 0-1

[Event "January 2 Early 2024"]
[Site "https://www.chess.com"]
[Date "2024.01.02"]
[Round "4"]
[White "Rose, Felix"]
[Black "Pakleza, Zbigniew"]
[Result "0-1"]
[Board "35"]
[TimeControl "180+1"]
[WhiteFideId "5105722"]
[BlackFideId "1119290"]
[WhiteElo "2209"]
[BlackElo "2821"]
[WhiteTeam "MEX"]
[BlackTeam "POL"]
[WhiteClock "0:00:00"]
[BlackClock "0:00:10"]

1. e4 d6 2. d4 Nf6 3. Nc3 c6 4. f4 Qb6 5. Nf3 Bg4 6. a3 e6 7. Bd3 d5 8. e5 Nfd7 9. O-O g6 10. h3 Bf5 11. g4 Bxd3 12. Qxd3 h5 13. Kg2 c5 14. Ne2 cxd4 15. Nexd4 Nc6 16. b4 Nxd4 17. Nxd4 hxg4 18. hxg4 Rc8 19. Be3 Qc7 20. Rf2 Qc4 21. Rd1 a6 22. Ne2 Be7 23. Nd4 b5 24. Rf3 g5 25. Rh3 Rxh3 26. Kxh3 Qc3 27. Kg2 gxf4 28. Bxf4 Qb2 29. Qb3 Qxb3 30. cxb3 Rc3 31. Rf1 Rd3 32. Nc6 Rxb3 33. Nxe7 Kxe7 34. Bg5+ Ke8 35. Rc1 Nxe5 36. Bf6 Nxg4 37. Rc8+ Kd7 38. Rd8+ Kc7 39. Bg5 f6 40. Ra8 fxg5 41. Rxa6 e5 42. Ra5 Kb6 43. Ra8 e4 44. Kf1 Rb2 45. a4 bxa4 46. Rxa4 d4 47. Ra5 d3 48. Rxg5 Ne3+ 49. Kg1 d2 50. Rd5 Nxd5 51. Kf2 d1=Q+ 52. Kg3 Qf3+ 0-1

[Event "January 2 Early 2024"]
[Site "https://www.chess.com"]
[Date "2024.01.02"]
[Round "4"]
[White "Niedbala, Bartlomiej"]
[Black "Firouzja, Alireza"]
[Result "0-1"]
[Board "36"]
[TimeControl "180+1"]
[WhiteFideId "21834008"]
[BlackFideId "12573981"]
[WhiteElo "2627"]
[BlackElo "3147"]
[WhiteTeam "POL"]
[BlackTeam "FRA"]
[WhiteClock "0:00:05"]
[BlackClock "0:01:48"]

1. e4 c5 2. Nf3 d6 3. d4 cxd4 4. Nxd4 Nf6 5. Nc3 a6 6. f4 Qc7 7. f5 g6 8. Be3 Bg7 9. Be2 Nbd7 10. g4 Nc5 11. Bf3 Qa5 12. Qd2 h5 13. g5 Ng4 14. Bg1 Ne5 15. Be2 Bd7 16. a3 Na4 17. Nxa4 Qxd2+ 18. Kxd2 Bxa4 19. b3 Bc6 20. Bd3 Nf3+ 21. Nxf3 Bxa1 22. c3 gxf5 23. Nd4 fxe4 24. Nxc6 exd3 25. Nb4 Bb2 26. Nxd3 Bxa3 27. b4 a5 28. b5 O-O-O 29. Bb6 Rd7 30. Ra1 Bc5 31. Bxa5 Kb8 32. c4 Bd4 33. Ra4 b6 34. Bb4 Ra7 35. Rxa7 Kxa7 36. Nf4 Be5 37. Nd5 e6 0-1

[Event "January 2 Early 2024"]
[Site "https://www.chess.com"]
[Date "2024.01.02"]
[Round "4"]
[White "Aronian, Levon"]
[Black "Antunez Soler, Luis"]
[Result "1-0"]
[Board "37"]
[TimeControl "180+1"]
[WhiteFideId "13300474"]
[BlackFideId "3513335"]
[WhiteElo "3098"]
[BlackElo "2637"]
[WhiteTeam "USA"]
[BlackTeam "CUB"]
[WhiteClock "0:01:03"]
[BlackClock "0:00:07"]

1. e4 e6 2. d4 d5 3. e5 c5 4. c3 Nc6 5. Nf3 Qb6 6. a3 c4 7. Be2 f6 8. O-O fxe5 9. Nxe5 Nxe5 10. dxe5 Bc5 11. Nd2 Ne7 12. b4 cxb3 13. Nxb3 O-O 14. Nxc5 Qxc5 15. a4 Qxc3 16. Ba3 Rf7 17. Bh5 g6 18. Bg4 Nf5 19. Bxf5 Rxf5 20. Bd6 Bd7 21. Rc1 Qa5 22. Rc7 Qxa4 23. Qc1 Rf7 24. Qg5 Qe4 25. Rxb7 d4 26. Rc7 Qf5 27. Qd2 Bb5 28. Rxf7 Qxf7 29. Rb1 a6 30. Qxd4 Rc8 31. h3 Qf5 32. Rd1 Qf7 33. Qe3 Rc4 34. Bc5 Kg7 35. Rd8 h5 36. Bf8+ Kh7 37. Qh6+ 1-0

[Event "January 2 Early 2024"]
[Site "https://www.chess.com"]
[Date "2024.01.02"]
[Round "4"]
[White "Martinez Alcantara, Jose Eduardo"]
[Black "Tregubov, Pavel V."]
[Result "1-0"]
[Board "38"]
[TimeControl "180+1"]
[WhiteFideId "3805662"]
[BlackFideId "4115341"]
[WhiteElo "3061"]
[BlackElo "2635"]
[WhiteTeam "PER"]
[BlackTeam "FRA"]
[WhiteClock "0:01:52"]
[BlackClock "0:00:42"]

1. e4 c5 2. Nf3 e6 3. c3 d5 4. e5 Nc6 5. g3 f6 6. d4 fxe5 7. dxe5 Nge7 8. Qe2 Qc7 9. Na3 a6 10. Bg2 Ng6 11. O-O Ngxe5 12. Nxe5 Qxe5 13. Qd1 Be7 14. Bf4 Qf6 15. Qh5+ Qf7 16. Qe2 O-O 17. Rad1 Bd7 18. Nc4 Nd4 19. cxd4 Bb5 20. b3 dxc4 21. bxc4 Ba4 22. d5 Bxd1 23. Rxd1 e5 24. d6 1-0

[Event "January 2 Early 2024"]
[Site "https://www.chess.com"]
[Date "2024.01.02"]
[Round "4"]
[White "Makarian, Rudik"]
[Black "Poltorak, Sebastian"]
[Result "1-0"]
[Board "39"]
[TimeControl "180+1"]
[WhiteFideId "44105681"]
[BlackFideId "1199498"]
[WhiteElo "3030"]
[BlackElo "2633"]
[WhiteTeam "FID"]
[BlackTeam "POL"]
[WhiteClock "0:00:36"]
[BlackClock "0:00:01"]

1. d4 Nf6 2. c4 g6 3. Nc3 d5 4. Bf4 Bg7 5. e3 O-O 6. Rc1 Be6 7. Nf3 c6 8. Qb3 b6 9. cxd5 Nxd5 10. Nxd5 Bxd5 11. Bc4 e6 12. Bxd5 cxd5 13. O-O Nd7 14. Qa4 Re8 15. Rc7 Nf6 16. Rfc1 Ne4 17. h4 a6 18. Rd7 Qf6 19. Rcc7 b5 20. Qc2 Rad8 21. Bg5 Rxd7 22. Bxf6 Rxc7 23. Qxc7 Bxf6 24. Qc6 Rb8 25. Qxa6 b4 26. g4 g5 27. hxg5 Nxg5 28. Nxg5 Bxg5 29. Kg2 Kg7 30. Kf3 Be7 31. Ke2 Bf8 32. Kd3 Kg6 33. f4 Rd8 34. Qb7 Kg7 35. Ke2 Bd6 36. Kf3 Rb8 37. Qc6 Bf8 38. f5 exf5 39. gxf5 Rd8 40. Kg4 Rd6 41. Qb7 Rh6 42. Qxd5 Kg8 43. e4 Rh2 44. e5 Rxb2 45. e6 fxe6 46. Qxe6+ Kg7 47. f6+ Kg6 48. Qe8+ Kh6 49. Qxf8+ 1-0

[Event "January 2 Early 2024"]
[Site "https://www.chess.com"]
[Date "2024.01.02"]
[Round "4"]
[White "Mirzoev, Azer"]
[Black "Iturrizaga Bonelli, Eduardo"]
[Result "0-1"]
[Board "40"]
[TimeControl "180+1"]
[WhiteFideId "13400304"]
[BlackFideId "3901211"]
[WhiteElo "2631"]
[BlackElo "3016"]
[WhiteTeam "AZE"]
[BlackTeam "ESP"]
[WhiteClock "0:00:00"]
[BlackClock "0:00:03"]

1. c4 Nf6 2. Nc3 c5 3. g3 Nc6 4. Bg2 d6 5. Nf3 g6 6. O-O Bg7 7. d3 O-O 8. Bg5 Rb8 9. a3 a6 10. Rb1 b5 11. cxb5 axb5 12. b4 cxb4 13. axb4 Be6 14. Qd2 Qd7 15. Bh6 Rfc8 16. Bxg7 Kxg7 17. Rfc1 h6 18. h4 Qa7 19. Qb2 Kg8 20. Ne4 Nxe4 21. dxe4 Bc4 22. e5 dxe5 23. Nxe5 Nd4 24. Bf1 Nf5 25. Ra1 Qd4 26. Rcb1 Rb6 27. e3 Qxb2 28. Rxb2 Bxf1 29. Kxf1 Rd6 30. Ra7 Rd5 31. Nd7 Rc1+ 32. Kg2 Rdd1 33. Nc5 g5 34. hxg5 hxg5 35. Kf3 e6 36. Ne4 g4+ 37. Kxg4 Kg7 38. Ng5 Nh6+ 39. Kf3 Kg6 40. Nh3 e5 41. Rba2 f6 42. R7a6 Rh1 43. Kg2 Ng4 44. Rb6 Rh2+ 45. Kf3 Kh5 46. Nf4+ exf4 47. Rxb5+ Ne5+ 48. Kxf4 Rc4+ 49. Kf5 Kh6 50. Kxf6 Ng4+ 51. Kf5 Rh5+ 0-1

[Event "January 2 Early 2024"]
[Site "https://www.chess.com"]
[Date "2024.01.02"]
[Round "4"]
[White "Movahed, Sina"]
[Black "Munoz Galvez, Jhon Edison"]
[Result "1-0"]
[Board "41"]
[TimeControl "180+1"]
[WhiteFideId "42520835"]
[BlackFideId "4403797"]
[WhiteElo "3000"]
[BlackElo "2627"]
[WhiteTeam "IRI"]
[BlackTeam "COL"]
[WhiteClock "0:00:42"]
[BlackClock "0:00:10"]

1. Nf3 Nf6 2. c4 c5 3. Nc3 g6 4. e4 Nc6 5. d4 cxd4 6. Nxd4 Bg7 7. Be3 O-O 8. Be2 d6 9. O-O Bd7 10. Nc2 Rc8 11. Rc1 Ne5 12. Na3 Qa5 13. Nd5 Nxd5 14. exd5 Ba4 15. b3 Be8 16. Nc2 Qxa2 17. Ra1 Qxb3 18. Ra3 Qb2 19. Bd4 Nf3+ 20. Rxf3 Bxd4 21. Nxd4 Qb6 22. Qd2 a6 23. Rb3 Qc7 24. Qh6 Bd7 25. g4 f6 26. Ne6 Bxe6 27. dxe6 1-0

[Event "January 2 Early 2024"]
[Site "https://www.chess.com"]
[Date "2024.01.02"]
[Round "4"]
[White "Souleidis, Georgios"]
[Black "Pap, Gyula"]
[Result "0-1"]
[Board "42"]
[TimeControl "180+1"]
[WhiteFideId "4206827"]
[BlackFideId "725323"]
[WhiteElo "2624"]
[BlackElo "2988"]
[WhiteTeam "GRE"]
[BlackTeam "HUN"]
[WhiteClock "0:00:00"]
[BlackClock "0:00:10"]

1. e4 Nc6 2. Nf3 d6 3. d4 Nf6 4. Nc3 g6 5. h3 Bg7 6. Be2 O-O 7. d5 Nb8 8. O-O e6 9. dxe6 Bxe6 10. Nd4 Bd7 11. Re1 Nc6 12. Nxc6 bxc6 13. Bc4 Re8 14. Bb3 Be6 15. Bg5 h6 16. Bf4 Nd7 17. Qd2 Kh7 18. Rad1 Nc5 19. Bxe6 fxe6 20. Be3 Nd7 21. f4 Rf8 22. Rf1 Qb8 23. b3 Qb4 24. Bd4 Bxd4+ 25. Qxd4 Qxd4+ 26. Rxd4 e5 27. fxe5 Rxf1+ 28. Kxf1 Nxe5 29. Ke2 Kg7 30. Nb1 Kf6 31. Nd2 Ke6 32. Ra4 a5 33. b4 Rb8 34. bxa5 Ra8 35. a6 Nd7 36. Ra3 Ra7 37. Nb3 c5 38. Nd2 Nb8 39. Rg3 g5 40. h4 gxh4 41. Rg6+ Kd7 42. Rxh6 Rxa6 43. Rxh4 Rxa2 44. g4 Nc6 45. g5 Ne5 46. Rh7+ Kc6 47. Rh2 Rxc2 48. Rg2 Ng6 49. Rh2 c4 50. Kd1 Ra2 51. Rh6 c3 52. Nb3 Ne5 53. Kc1 Nd3+ 54. Kd1 c2+ 0-1

[Event "January 2 Early 2024"]
[Site "https://www.chess.com"]
[Date "2024.01.02"]
[Round "4"]
[White "Navara, David"]
[Black "Avramidou, Anastasia"]
[Result "1-0"]
[Board "43"]
[TimeControl "180+1"]
[WhiteFideId "309095"]
[BlackFideId "4239873"]
[WhiteElo "2972"]
[BlackElo "2619"]
[WhiteTeam "CZE"]
[BlackTeam "GRE"]
[WhiteClock "0:00:50"]
[BlackClock "0:00:04"]

1. c4 Nf6 2. Nf3 g6 3. Nc3 Bg7 4. e4 d6 5. d4 O-O 6. Be2 Nc6 7. O-O e5 8. d5 Ne7 9. b4 Nd7 10. Bd2 f5 11. Ng5 Nf6 12. f3 h6 13. Ne6 Bxe6 14. dxe6 Kh8 15. Be3 c6 16. Qd2 f4 17. Bf2 Ne8 18. Rfd1 Qc8 19. c5 dxc5 20. Bxc5 Qxe6 21. Qd7 Qg8 22. Bxe7 Nf6 23. Qxb7 Rfb8 24. Qa6 Nh5 25. Bc4 Qe8 26. Bc5 g5 27. Rd6 g4 28. Qxc6 Qxc6 29. Rxc6 gxf3 30. gxf3 Nf6 31. Nd5 Nd7 32. Bd6 Rc8 33. b5 a6 34. a4 axb5 35. Rxc8+ Rxc8 36. Bxb5 1-0

[Event "January 2 Early 2024"]
[Site "https://www.chess.com"]
[Date "2024.01.02"]
[Round "4"]
[White "Al-Tarboush, Ward"]
[Black "Alekseenko, Kirill"]
[Result "1-0"]
[Board "44"]
[TimeControl "180+1"]
[WhiteFideId "7601450"]
[BlackFideId "4135539"]
[WhiteElo "2617"]
[BlackElo "2948"]
[WhiteTeam "NOR"]
[BlackTeam "AUT"]
[WhiteClock "0:00:08"]
[BlackClock "0:00:34"]

1. e4 c5 2. Nf3 Nc6 3. d4 cxd4 4. Nxd4 Nf6 5. Nc3 d6 6. Bg5 e6 7. Qd2 a6 8. O-O-O Bd7 9. f4 b5 10. Bxf6 gxf6 11. Kb1 Qb6 12. Nxc6 Bxc6 13. f5 h5 14. fxe6 fxe6 15. Qf4 Be7 16. Be2 Qc5 17. Bf3 O-O-O 18. Rhe1 Rd7 19. g4 h4 20. h3 Rhd8 21. Bg2 Rc7 22. a3 Kb8 23. Rd3 Bb7 24. Qd2 Rdc8 25. Rc1 Bf8 26. Ne2 Qe5 27. Nd4 Rc4 28. Nf3 Qc5 29. Nxh4 b4 30. axb4 Rxb4 31. Rb3 Rxb3 32. cxb3 Qb5 33. Rxc8+ Kxc8 34. Ng6 Qe8 35. Qc3+ Kb8 36. Qxf6 Bh6 37. g5 Qb5 38. gxh6 Qxb3 39. Qf8+ Ka7 40. Qf2+ Ka8 41. Qe2 Qb5 42. Qxb5 1-0

[Event "January 2 Early 2024"]
[Site "https://www.chess.com"]
[Date "2024.01.02"]
[Round "4"]
[White "Andrews, Todd"]
[Black "Drygalov, Andrey"]
[Result "0-1"]
[Board "45"]
[TimeControl "180+1"]
[WhiteFideId "2012456"]
[BlackFideId "24171735"]
[WhiteElo "2616"]
[BlackElo "2945"]
[WhiteTeam "USA"]
[BlackTeam "RUS"]
[WhiteClock "0:00:09"]
[BlackClock "0:00:08"]

1. d4 Nf6 2. c4 e6 3. Nc3 Bb4 4. Nf3 O-O 5. Bg5 h6 6. Bh4 b6 7. Rc1 Bb7 8. e3 c5 9. dxc5 Bxc5 10. Be2 Be7 11. O-O d6 12. a3 Nbd7 13. Qc2 a6 14. Rfd1 Qc7 15. Rd2 Rac8 16. Qd1 Nc5 17. Bxf6 Bxf6 18. Rxd6 Bxc3 19. bxc3 Bd5 20. Rxd5 exd5 21. cxd5 b5 22. Nd4 Qd6 23. Bf3 Na4 24. Qb3 Nb6 25. Nc6 Nc4 26. Qb4 Rfe8 27. h3 Qf6 28. a4 Nd6 29. axb5 axb5 30. e4 Qf4 31. Rd1 f6 32. Rd3 Kh7 33. g3 Qc1+ 34. Rd1 Qc2 35. Qxd6 Qxc3 36. Qf4 b4 37. Qf5+ Kh8 38. Bh5 Qc2 39. Re1 Qd2 40. Re3 b3 41. Bxe8 b2 42. Qxc8 b1=Q+ 43. Kg2 Kh7 44. Qf5+ Kh8 45. Ne7 Qb7 46. Ng6+ Kg8 47. Qe6+ Kh7 48. Nf8+ Kh8 49. Ng6+ Kh7 50. Nf8+ Kh8 51. Qg8+ Kxg8 52. Bf7+ Kxf7 53. Ne6 Qbb2 54. Ng5+ hxg5 55. Rf3 Qe2 56. h4 Qxe4 57. hxg5 Qxf3+ 58. Kxf3 fxg5 59. Ke4 Qb4+ 60. Kf5 Qd6 61. Kxg5 Qxd5+ 62. Kg4 Kf6 63. f4 Qd1+ 64. Kh4 Kf5 65. Kh3 Qh1# 0-1

[Event "January 2 Early 2024"]
[Site "https://www.chess.com"]
[Date "2024.01.02"]
[Round "4"]
[White "Grycel, Kamil"]
[Black "Baskakov, Egor"]
[Result "0-1"]
[Board "46"]
[TimeControl "180+1"]
[WhiteFideId "1115499"]
[BlackFideId "24197866"]
[WhiteElo "2614"]
[BlackElo "2937"]
[WhiteTeam "POL"]
[BlackTeam "RUS"]
[WhiteClock "0:00:55"]
[BlackClock "0:02:25"]

1. d4 Nf6 2. Nf3 e6 3. Bf4 d5 4. e3 Be7 5. h3 O-O 6. Nbd2 Ne4 7. Nxe4 dxe4 8. Nd2 f5 9. Bc4 Bd6 10. Bxd6 cxd6 11. Bb3 d5 12. g3 Nc6 13. c4 Nb4 14. Bc2 e5 15. a3 Nxc2+ 16. Qxc2 exd4 17. exd4 f4 18. cxd5 e3 19. fxe3 fxe3 20. Nc4 Rf2 21. Qc3 Qxd5 22. O-O-O Bf5 23. Nxe3 Qa2 24. Qc4+ Qxc4+ 25. Nxc4 Rc8 26. b3 Rc2+ 27. Kb1 R2xc4+ 0-1

[Event "January 2 Early 2024"]
[Site "https://www.chess.com"]
[Date "2024.01.02"]
[Round "4"]
[White "Manukian, Artak"]
[Black "Praggnanandhaa R"]
[Result "0-1"]
[Board "47"]
[TimeControl "180+1"]
[WhiteFideId "13301373"]
[BlackFideId "25059530"]
[WhiteElo "2610"]
[BlackElo "2935"]
[WhiteTeam "ARM"]
[BlackTeam "IND"]
[WhiteClock "0:00:00"]
[BlackClock "0:00:54"]

1. e4 e5 2. Nf3 Nc6 3. d4 exd4 4. Nxd4 Bc5 5. Nxc6 bxc6 6. Bc4 d6 7. Qh5 Qf6 8. O-O Qg6 9. Qxg6 hxg6 10. Nd2 Nf6 11. Nb3 Bb6 12. Bd3 Ng4 13. h3 Ne5 14. Bf4 f6 15. Rfd1 Nxd3 16. cxd3 g5 17. Bg3 Be6 18. d4 a5 19. d5 cxd5 20. exd5 Bf7 21. Rac1 Kd7 22. Nd4 a4 23. Nf5 g6 24. Ne3 f5 25. Nc4 Ba7 26. Kf1 f4 27. Bh2 Rab8 28. f3 Rb5 29. Bg1 Bxg1 30. Kxg1 Re8 31. Rd2 Rxd5 32. Rxd5 Bxd5 33. Kf2 Rb8 34. Na3 Rxb2+ 35. Rc2 Rxc2+ 36. Nxc2 Bxa2 37. Ke2 c5 38. Kd2 Kc6 39. Kc3 d5 40. Ne1 d4+ 41. Kb2 Bc4 42. Nc2 Bf1 43. Na3 Bxg2 44. Nc4 Kb5 45. Ne5 c4 46. Nxg6 c3+ 47. Kc1 a3 48. Kb1 d3 0-1

[Event "January 2 Early 2024"]
[Site "https://www.chess.com"]
[Date "2024.01.02"]
[Round "4"]
[White "Luo, Terry"]
[Black "Makhnev, Denis"]
[Result "0-1"]
[Board "48"]
[TimeControl "180+1"]
[WhiteFideId "30931045"]
[BlackFideId "13707647"]
[WhiteElo "2607"]
[BlackElo "2924"]
[WhiteTeam "USA"]
[BlackTeam "KAZ"]
[WhiteClock "0:00:03"]
[BlackClock "0:00:05"]

1. d4 d5 2. c4 e6 3. Nf3 c6 4. g3 dxc4 5. Bg2 b5 6. a4 Bb7 7. O-O a6 8. b3 cxb3 9. Qxb3 Nf6 10. Rd1 Nbd7 11. Ne5 Qc7 12. Bf4 Bd6 13. Nxd7 Nxd7 14. Bxd6 Qxd6 15. Nc3 Rb8 16. Ne4 Qe7 17. Rac1 O-O 18. Nc5 Nxc5 19. Rxc5 Rfd8 20. e3 Rd6 21. Rdc1 Rc8 22. h4 h6 23. Qb4 Qd8 24. Qc3 Qb6 25. a5 Qd8 26. Qb4 Rc7 27. R1c3 Qe7 28. Rc1 Rdd7 29. Qc3 Rd6 30. Qb4 Qf8 31. R1c3 Rd8 32. Rc1 Rdc8 33. R1c3 Qe7 34. Rc1 Ba8 35. Qc3 Rb8 36. Qb4 g6 37. R1c3 Kg7 38. Rc1 Rd8 39. Qb2 Qf6 40. Bxc6 Rdc8 41. Bxa8 Rxc5 42. Rxc5 Rxc5 43. Bb7 b4 44. Bxa6 Rxa5 45. Bd3 e5 46. dxe5 Qxe5 47. Qxb4 Ra1+ 48. Kg2 Ra2 49. Qf4 Qxf4 50. exf4 Ra4 51. Be2 Kf6 52. Bg4 Ke7 53. h5 g5 54. Kf3 gxf4 55. gxf4 Kd6 56. Bf5 Kd5 57. Bh7 Ra3+ 58. Kg4 Ke6 59. Bf5+ Kf6 60. Be4 Ra2 61. Kg3 Ra5 62. Kg4 Ra1 63. Kf3 Rh1 64. Kg4 Rg1+ 65. Kf3 Ke6 66. Bd3 f5 67. Bc4+ Kf6 68. Bb5 Re1 69. Bc6 Ke7 70. Bb5 Rh1 71. Kg3 Rb1 72. Bd3 Rb3 73. f3 Rxd3 0-1

[Event "January 2 Early 2024"]
[Site "https://www.chess.com"]
[Date "2024.01.02"]
[Round "4"]
[White "Toman, Ondrej"]
[Black "Aravindh, Chithambaram VR."]
[Result "0-1"]
[Board "49"]
[TimeControl "180+1"]
[WhiteFideId "344516"]
[BlackFideId "5072786"]
[WhiteElo "2603"]
[BlackElo "2920"]
[WhiteTeam "CZE"]
[BlackTeam "IND"]
[WhiteClock "0:00:00"]
[BlackClock "0:00:05"]

1. d4 Nf6 2. Bg5 c5 3. d5 d6 4. Nc3 Nbd7 5. e4 g6 6. Nf3 Bg7 7. Nd2 O-O 8. h3 a6 9. a4 h6 10. Be3 g5 11. Be2 Ne5 12. h4 Nfg4 13. Bxg5 hxg5 14. hxg5 Nxf2 15. Kxf2 e6 16. Rh5 Ng6 17. Nf3 c4 18. a5 Qc7 19. Qd2 b5 20. Rah1 b4 21. Nd1 c3 22. bxc3 bxc3 23. Qc1 Rb8 24. Nh4 Qc5+ 25. Kf1 Rb2 26. Bf3 Bd7 27. Nf2 Bb5+ 28. Ke1 Qb4 29. Bd1 exd5 30. Nf5 Re8 31. Qe3 d4 32. Qg3 d3 33. Nxd3 Qxe4+ 34. Kf1 Qxf5+ 35. Bf3 Rxc2 36. Kg1 Bxd3 37. Kh2 Be5 0-1